Zazza, neutral female gnomish Wizard --------------- |!%%.%%.(!!%.%| |%%%%!%%.m!f..| ####### |%%..!%%%@%.%%|############### |.........m@..|# ---------.- -----------|---# |.........| | ############# +.......... .$......| # |.........| ---- --- ### ...(......| # ----------- ## --.---- |.....| |.<...| |...... |.....| ------- Zazza the Evoker Experience level: 1 Strength: 10 Dexterity: 14 Constitution: 14 Intelligence: 19 Wisdom: 7 Charisma: 11 Health: 0(14) Energy: 11(11) Def: 0 Gold: 63 Moves: 381 Dungeon seed: 29DMwn0vMrzbMkpg Game ID: Zazza_1621716772 Your Inventory: Coins $ - 63 gold pieces Weapons a - a blessed +1 quarterstaff p - a cursed -1 crossbow r - a cursed +0 flail Armor e - an uncursed +0 cloak of magic resistance Comestibles s - an uncursed food ration t - an uncursed newt corpse Scrolls i - an uncursed scroll of earth j - an uncursed scroll of remove curse k - an uncursed scroll of enchant armor Spellbooks l - a blessed spellbook of force bolt m - an uncursed spellbook of slow monster Potions f - an uncursed potion of water g - an uncursed potion of booze h - a blessed potion of extra healing Rings c - an uncursed ring of stealth d - an uncursed ring of polymorph (on left hand) Wands b - a wand of enlightenment (0:13) Tools n - an uncursed blindfold Gems q - an uncursed worthless piece of green glass Spells and supernatural/magical abilities: Name Level Category Fail Memory a - force bolt 1 attack 0% 99% s - slow monster 2 enchantment 0% 99% W - pray for help -- divine ? -- Your skills at the end: Fighting Skills Weapon Skills quarterstaff [Basic] Spellcasting Skills attack spells [Basic] enchantment spells [Basic] Final Attributes: You were nominally aligned. You had infravision. You were held by a large mimic. You were polymorphing. You are dead. Vanquished creatures: a gecko a fox a grid bug 3 newts 6 creatures vanquished. Voluntary challenges: You were an atheist. You used a wielded weapon 2 times, starting on turn 158. You read items or engraved 1 time, starting on turn 36. You never genocided any monsters. You never polymorphed an object. You changed form 4 times, starting on turn 143. You used no wishes. You never split a pudding. You never wrote Elbereth's name. You never violated your personal moral code. Dungeon overview: The Dungeons of Doom: levels 1 to 3 Level 1 a sink a long staircase Level 2 Level 3 <- You were here a delicatessen History has recorded: On T:1 you entered the Dungeons of Doom to retrieve the Amulet of Yendor! On T:77 you reached level 2 of The Dungeons of Doom. On T:96 you reached level 3 of The Dungeons of Doom. Score breakdown: Gold: 63 ( 6144 points) Experience: 1 level ( 0 points) Exploration: 3 levels ( 6.00%) ( 6060 points) Discoveries: 1 item ( 0.35%) ( 1770 points) Valuables value: (no points given unless you survive) Artifact value: 0 ( 0 points) Variety of kills: 4 monsters ( 1.05%) ( 3073 points) Turncount: 381 turns ( 0 points) Survival: died (score multiplied by 80%) Total score: 13637 Latest messages: The hobbit throws a dagger! Armand is hit. Armand moves only reluctantly. You turn into a kobold mummy! You rebalance your load. Movement is difficult. "Hello, Zazza! Welcome to Tjibarusa's delicatessen!" You see here a food ration (45 zorkmids). There are a few objects here. Wait! That's a small mimic! You hit the small mimic. You shudder for a moment. You return to gnomish form! Your movements are now unencumbered. You hit the small mimic. Wait! That's a large mimic! You hit the large mimic. (3x) The small mimic bumps right into you! The large mimic hits! You hit the large mimic. Armand picks up a food ration. You hit the large mimic. (2x) Armand drops a food ration. You hit the large mimic. The small mimic hits! You die... Tjibarusa gratefully inherits all your possessions. Final status: Goodbye Zazza the Wizard, killed by a small mimic... You died in The Dungeons of Doom on dungeon level 3 with 13637 points, and 63 pieces of gold, after 381 moves. You were level 1 with a maximum of 14 hit points when you died.